Map: Lerilak Crest

Players

Dillon - Winner!

  • Race: Protoss Protoss
  • League: Bronze

juhyg

  • Race: Zerg Zerg
  • League: Bronze

VOD

Have the link to the VOD?

Description

Time

  • Played on: Feb. 5, 2016, 6:14 p.m.
  • Length: 19:37
Show
View Real Time Build Order
Export as new Build Order

Dillon Protoss - Winner!

Build Orders: Cannon Rush 

Get SALT Encoding   

  12  0:01  Probe (Chrono Boost)  
  13  0:12  Probe (Chrono Boost)  
  14  0:18  Pylon  
  14  0:25  Probe (Chrono Boost)  
  15  0:36  Probe (Chrono Boost)  
  16  0:44  Forge  
  16  0:47  Probe (Chrono Boost)  
  17  0:57  Probe (Chrono Boost)  
  17  1:00  Pylon  
  18  1:08  Probe (Chrono Boost)  
  19  1:19  Probe (Chrono Boost)  
  19  1:20  Photon Cannon  
  19  1:25  Photon Cannon  
  20  1:29  Probe (Chrono Boost)  
  21  1:37  Photon Cannon  
  21  1:41  Assimilator, Probe (Chrono Boost)  
  22  1:57  Probe (Chrono Boost)  
  23  2:08  Probe (Chrono Boost)  
  24  2:17  Gateway  
  24  2:22  Probe (Chrono Boost)  
  25  2:26  Assimilator  
  25  2:32  Probe (Chrono Boost)  
  26  2:37  Nexus  
  26  2:43  Probe (Chrono Boost)  
  27  2:45  Pylon  
  27  2:53  Probe (Chrono Boost)  
  28  3:04  Probe (Chrono Boost)  
  29  3:06  Photon Cannon  
  29  3:09  Photon Cannon  
  29  3:14  Probe (Chrono Boost)  
  29  3:17  Photon Cannon  
  30  3:25  Probe (Chrono Boost)  
  31  3:35  Probe (Chrono Boost)  
  31  3:40  Pylon  
  32  3:42  Cybernetics Core  
  32  3:46  Probe (Chrono Boost)  
  33  3:48  Photon Cannon  
  33  3:55  Photon Cannon  
  33  3:56  Probe (Chrono Boost)  
  34  4:07  Probe x2 (Chrono Boost)  
  36  4:17  Probe (Chrono Boost)  
  37  4:28  Probe (Chrono Boost)  
  38  4:38  Probe (Chrono Boost)  
  38  4:47  Probe (Chrono Boost)  
  38  4:49  Probe (Chrono Boost)  
  38  4:50  Warp Gate  
  40  4:57  Probe (Chrono Boost)  
  41  5:00  Stargate  
  41  5:02  Stargate  
  41  5:06  Pylon  
  41  5:08  Pylon, Probe (Chrono Boost)  
  41  5:11  Photon Cannon  
  42  5:18  Probe  
  42  5:19  Protoss Shields Level 1 (Chrono Boost)  
  42  5:21  Probe  
  44  5:31  Probe  
  45  5:35  Assimilator  
  45  5:40  Assimilator  
  45  5:42  Probe  
  45  5:46  Pylon  
  46  5:52  Probe, Photon Cannon  
  47  5:58  Photon Cannon  
  47  6:03  Probe, Photon Cannon  
  47  6:10  Photon Cannon  
  48  6:14  Pylon  
  48  6:21  Stargate  
  48  6:23  Stargate  
  48  6:32  Photon Cannon  
  48  6:33  Photon Cannon  
  48  6:36  Photon Cannon  
  48  6:44  Photon Cannon x2  
  48  6:46  Photon Cannon  
  48  6:48  Photon Cannon  
  48  6:52  Photon Cannon  
  48  7:08  Twilight Council  
  48  7:21  Pylon  
  48  7:33  Fleet Beacon  
  48  7:38  Nexus  
  48  7:44  Probe  
  48  7:47  Pylon  
  53  7:51  Void Ray (Chrono Boost)  
  53  7:55  Probe  
  54  8:07  Probe  
  55  8:15  Void Ray (Chrono Boost)  
  55  8:19  Probe  
  60  8:22  Photon Cannon  
  60  8:26  Photon Cannon  
  60  8:31  Probe  
  60  8:32  Photon Cannon  
  61  8:39  Photon Cannon  
  61  8:44  Mothership Core  
  63  8:59  Void Ray (Chrono Boost)  
  67  9:05  Probe  
  74  9:17  Probe  
  74  9:21  Probe  
  76  9:29  Probe  
  77  9:31  Probe  
  78  9:40  Void Ray x2 (Chrono Boost)  
  78  9:41  Probe  
  78  9:42  Probe  
  88  9:52  Probe  
  88  9:53  Probe  
  88  9:57  Fleet Beacon  
  90  10:01  Protoss Air Weapons Level 1  
  90  10:03  Probe  
  90  10:05  Probe  
  90  10:06  Protoss Shields Level 2  
  92  10:17  Void Ray (Chrono Boost)  
  96  10:24  Probe  
  97  10:30  Assimilator  
  97  10:32  Void Ray (Chrono Boost)  
  97  10:34  Assimilator, Probe  
  102  10:43  Pylon  
  102  10:45  Probe  
  103  10:50  Pylon  
  103  10:51  Pylon  
  103  10:54  Void Ray (Chrono Boost)  
  103  10:55  Photon Cannon  
  107  11:00  Photon Cannon  
  107  11:01  Photon Cannon  
  107  11:03  Photon Cannon  
  107  11:05  Photon Cannon  
  107  11:08  Photon Cannon  
  107  11:10  Photon Cannon  
  107  11:13  Photon Cannon  
  107  11:15  Photon Cannon  
  107  11:32  Nexus  
  107  11:37  Pylon  
  107  11:39  Pylon  
  107  11:42  Assimilator  
  107  12:08  Photon Cannon  
  107  12:09  Photon Cannon  
  107  12:11  Photon Cannon  
  107  12:14  Photon Cannon  
  107  12:16  Assimilator, Void Ray x2 (Chrono Boost)  
  115  12:32  Probe, Nexus  
  116  12:39  Protoss Shields Level 3 (Chrono Boost)  
  116  12:43  Probe  
  116  12:47  Probe  
  116  12:48  Tempest (Chrono Boost)  
  122  12:59  Probe  
  122  13:00  Protoss Air Weapons Level 2 (Chrono Boost)  
  123  13:11  Probe  
  124  13:23  Probe  
  125  13:28  Tempest x2  
  125  13:29  Assimilator, Pylon  
  125  13:32  Pylon  
  125  13:33  Assimilator  
  125  13:35  Probe  
  132  13:47  Probe  
  115  13:59  Probe  
  116  14:05  Tempest  
  116  14:08  Phoenix  
  116  14:11  Pylon  
  116  14:15  Photon Cannon  
  122  14:30  Phoenix  
  121  14:45  Phoenix  
  121  14:51  Phoenix  
  125  15:04  Photon Cannon  
  125  15:05  Carrier  
  125  15:06  Photon Cannon  
  125  15:07  Phoenix, Photon Cannon  
  125  15:09  Photon Cannon  
  125  15:12  Photon Cannon  
  127  15:20  Carrier  
  139  15:41  Photon Cannon  
  139  15:42  Photon Cannon  
  139  15:44  Photon Cannon  
  139  15:48  Photon Cannon  
  139  16:02  Protoss Air Weapons Level 3 (Chrono Boost)  
  139  16:04  Pylon  
  139  16:10  Forge  
  139  16:17  Cybernetics Core  
  139  16:19  Carrier  
  145  16:43  Phoenix  
  147  16:48  Probe  
  147  16:49  Probe  
  149  17:00  Probe x2  
  149  17:01  Probe  
  152  17:10  Probe  
  152  17:11  Void Ray  
  152  17:12  Probe  
  152  17:13  Probe  
  155  17:21  Probe  
  160  17:24  Probe  
  160  17:25  Probe  
  162  17:31  Probe  
  162  17:36  Probe  
  164  17:37  Probe  
  164  17:40  Void Ray  
  163  17:49  Probe  
  145  18:27  Void Ray x2  
Show
View Real Time Build Order
Export as new Build Order

juhyg Zerg 

Build Orders: Pool First 

Get SALT Encoding   

  12  0:21  Spawning Pool  
  11  0:23  Drone  
  12  0:30  Overlord  
  12  0:50  Drone x3  
  12  0:56  Extractor  
  14  1:07  Queen  
  16  1:12  Zergling x2  
  17  1:22  Drone  
  17  1:24  Drone  
  19  1:40  Overlord  
  19  1:51  Overlord  
  18  2:25  Lair  
  18  2:29  Zergling x12  
  24  2:34  Metabolic Boost  
  24  2:38  Extractor  
  23  2:47  Roach Warren  
  22  3:05  Drone  
  22  3:06  Drone x3  
  22  3:11  Drone  
  27  3:29  Roach x3  
  33  3:56  Hatchery  
  32  4:28  Overlord x2, Roach x2  
  32  4:29  Overlord  
  36  4:34  Drone  
  37  5:08  Drone x3  
  37  5:09  Drone x2  
  37  5:13  Drone x2  
  44  5:16  Queen  
  46  5:32  Infestation Pit  
  45  5:39  Overlord x2  
  45  5:40  Overlord  
  45  5:50  Hydralisk Den  
  45  5:56  Extractor  
  43  6:00  Extractor  
  42  6:08  Drone x2  
  42  6:09  Drone x4  
  48  6:32  Hydralisk x3  
  54  6:45  Hive  
  54  6:50  Roach  
  56  7:15  Hydralisk  
  56  7:16  Hydralisk x2  
  56  7:17  Zergling x2  
  56  7:18  Roach  
  56  7:20  Drone  
  66  7:23  Drone  
  66  7:26  Drone  
  68  7:51  Drone x3  
  71  8:12  Ultralisk Cavern  
  70  8:52  Roach x6  
  70  8:53  Overlord x3, Roach x5  
  70  8:54  Overlord  
  92  9:01  Chitinous Plating  
  92  9:06  Muscular Augments  
  92  9:15  Adrenal Glands  
  92  9:28  Spire  
  92  9:30  Drone  
  92  9:31  Drone  
  93  9:46  Ultralisk  
  99  9:57  Drone x2  
  99  9:58  Drone x3  
  103  10:27  Ultralisk x2  
  115  10:48  Hatchery  
  114  11:10  Hydralisk x2  
  114  11:11  Hydralisk x2  
  118  11:15  Overlord x4  
  122  11:38  Overseer  
  122  11:41  Overseer  
  122  11:48  Mutalisk x4  
  122  11:49  Mutalisk x2  
  134  11:56  Zerg Flyer Weapons Level 1  
  134  12:09  Evolution Chamber, Mutalisk x2  
  134  12:10  Mutalisk  
  134  12:14  Drone  
  140  12:27  Mutalisk  
  140  12:28  Mutalisk x2  
  146  12:42  Overseer  
  146  12:43  Overseer  
  146  12:47  Mutalisk x4  
  154  12:59  Mutalisk  
  154  13:00  Mutalisk x2  
  160  13:18  Zergling x2  
  161  13:20  Overlord x4  
  161  14:14  Ultralisk x4  
  161  14:15  Zergling x8  
  187  14:50  Corruptor x2  
  187  14:51  Corruptor  
  193  14:53  Overlord x3  
  193  14:54  Overlord x2  
  193  16:01  Hydralisk, Extractor  
  193  16:02  Hydralisk x2  
  198  16:14  Zerg Ground Armor Level 1  
  198  16:16  Zerg Flyer Weapons Level 2  
  198  16:28  Zergling x2  
  194  17:54  Hydralisk x2  
  194  17:57  Zergling x2  
  168  18:18  Hydralisk x4  
  168  18:19  Hydralisk x5  
  148  18:20  Hydralisk x5  
  158  18:31  Hydralisk  
  158  18:32  Hydralisk  
  162  18:35  Overseer x4  
  162  18:36  Overseer  
  162  18:45  Extractor  
  161  18:56  Hydralisk x2  
Tags
 
Add a new tag
Caveats
  • Supply blocks, unpowered buildings, or Contaminate may cause inaccurate times.
  • Supply counts are checked every 10 seconds.